 Dungeon Crawl Stone Soup version 0.18-a0-1454-g5e6cd1e (webtiles) character file.

126 Reinor the Sneak (level 4, -1/23 HPs)
             Began as a Spriggan Abyssal Knight on Mar 1, 2016.
             Was a Believer of Lugonu.
             Killed from afar by an orc wizard (2 damage)
             ... with a magic dart
             ... on level 3 of the Dungeon.
             The game lasted 00:08:11 (2647 turns).

Reinor the Sneak (Spriggan Abyssal Knight)          Turns: 2647, Time: 00:08:11

Health: -1/23      AC:  4    Str:  8    XL:     4   Next: 84%
Magic:  0/6        EV: 19    Int: 14    God:    Lugonu [**....]
Gold:   176        SH:  0    Dex: 15    Spells: 0 memorised, 3 levels left

rFire  + . .     SeeInvis +     a - +1 short sword
rCold  . . .     Gourm    .     e - +2 robe {MR+}
rNeg   . . .     Faith    .     (shield restricted)
rPois  .         Spirit   +     (helmet restricted)
rElec  .         Dismiss  .     (no cloak)
rCorr  .         Reflect  .     (gloves unavailable)
SustAt .         Harm     .     (boots unavailable)
MR     +....                    p - amulet of guardian spirit
Stlth  +++.......               (no ring)
                                j - ring of protection from fire

@: very quick, somewhat resistant to hostile enchantments, fairly stealthy
A: unfitting armour, see invisible, herbivore 3, speed 3, slow metabolism 2
a: Depart the Abyss, Bend Space, Renounce Religion


You were on level 3 of the Dungeon.
You worshipped Lugonu.
Lugonu was pleased with you.
You were not hungry.

You visited 1 branch of the dungeon, and saw 3 of its levels.
You visited the Abyss 1 time.

You collected 176 gold pieces.

Inventory:

Hand Weapons
 a - a +1 short sword (weapon)
Armour
 e - a +2 robe of magic resistance (worn)
Jewellery
 j - a ring of protection from fire (left hand)
 p - an amulet of guardian spirit (around neck)
Scrolls
 d - a scroll of magic mapping {unknown}
 g - a scroll of fog {unknown}
 n - a scroll of teleportation {unknown}
Potions
 b - 2 potions of curing
 f - a potion of flight {unknown}
 k - a potion of cure mutation
 m - a potion of heal wounds {unknown}
 o - a potion of haste
Comestibles
 c - 4 bread rations
 h - 2 fruits
 i - a royal jelly
 l - a slice of pizza


   Skills:
 - Level 2.6 Fighting
 + Level 3.8 Short Blades
 - Level 4.0 Dodging
 + Level 4.6 Stealth
 - Level 1.9 Invocations


You had 3 spell levels left.
You didn't know any spells.

Dungeon Overview and Level Annotations

Branches:
Dungeon (3/15)

Altars:
Qazlal
Trog
Xom


Innate Abilities, Weirdness & Mutations

You are tiny and cannot use many weapons and most armour.
You have supernaturally acute eyesight.
You are an herbivore.
You cover ground extremely quickly.
You need consume almost no food.


Message History

You hit the orc.
The orc is heavily wounded.
The orc wizard misses you. The orc hits you but does no damage.
You barely miss the orc.
The orc is heavily wounded.
The orc wizard hits you with a dagger of speed.
The orc wizard misses you. The orc barely misses you.
You hit the orc but do no damage.
The orc is heavily wounded.
The orc wizard barely misses you. The orc hits you but does no damage.
The orc wizard closely misses you.
The orc wizard points at you and mumbles some strange words.
The magic dart hits you!
* * * LOW HITPOINT WARNING * * *
You closely miss the orc.
The orc is heavily wounded.
The orc misses you.
The orc wizard points at you and mumbles some strange words.
The magic dart hits you!
You die...

#################
#.......o)o.....###
.......#@##........
#.##...#.##..##.##.
#.....##..# #.
##..####..# .#
...###..####).####...#
#...........)...†...#
............######.#
##..........# ##
............##..


You could see an orc wizard and an orc.

Vanquished Creatures
  Jessica (D:2)
  An orc wizard (D:3)
  An adder (D:3)
  A worm (D:3)
  A dart slug (D:1)
  2 giant geckos (D:2)
  7 orcs (D:3)
  3 giant cockroaches
  5 goblins
  6 hobgoblins
  4 jackals
  4 kobolds
  2 ball pythons
  7 bats
  A giant newt (D:3)
  8 rats
54 creatures vanquished.

Notes
Turn   | Place    | Note
--------------------------------------------------------------
     0 | Abyss:1  | Reinor the Spriggan Abyssal Knight began the quest for the Orb.
     0 | Abyss:1  | Reached XP level 1. HP: 11/11 MP: 3/3
    53 | Abyss:1  | Noticed a starcursed mass
    59 | Abyss:1  | Noticed a neqoxec
   131 | Abyss:1  | Noticed an unseen horror
   140 | Abyss:1  | Noticed an earth elemental
   151 | Abyss:1  | Noticed a small abomination
   155 | Abyss:1  | Noticed a tentacled starspawn
   169 | Abyss:1  | Noticed a lich
   178 | D:1      | Escaped the Abyss
   455 | D:1      | Reached * piety under Lugonu
   516 | D:1      | Reached XP level 2. HP: 13/16 MP: 4/4
   900 | D:1      | Reached skill level 1 in Stealth
  1175 | D:2      | Found a shimmering altar of Xom.
  1206 | D:2      | Found a bloodstained altar of Trog.
  1438 | D:2      | Reached XP level 3. HP: 19/19 MP: 5/5
  1472 | D:2      | Noticed Jessica
  1480 | D:2      | Killed Jessica
  1749 | D:3      | Reached ** piety under Lugonu
  1749 | D:3      | Reached XP level 4. HP: 23/23 MP: 6/6
  1963 | D:3      | Found a stormy altar of Qazlal.
  2646 | D:3      | HP: 1/23 [orc wizard/magic dart (9)]
  2647 | D:3      | Killed from afar by an orc wizard

Vault maps used:
D:1:      minmay_arrival_open_corners
D:2:      nicolae_overflow_crystal_walls, first_bread, st_stairs_12, trog_book,
          uniq_jessica
D:3:      nicolae_qazlal_eye_of_the_storm

Skill      XL: |  1  2  3  4 |
---------------+-------------+-----
Dodging        | 4 |  4.0
Stealth        | 2 3 4 |  4.6
Short Blades   | 3 |  3.8
Fighting       | |  2.6
Invocations    | |  1.9

Action                   |  1- 3 |  4- 6 || total
-------------------------+-------+-------++-------
Melee: Short sword       |    72 |   107 ||   179
Invok: Depart the Abyss  |     1 |       ||     1
  Use: Scroll            |     3 |     1 ||     4
 Stab: Sleeping          |     6 |     2 ||     8
       Distracted        |     1 |       ||     1
